 Dungeon Crawl Stone Soup version 0.28.0-47-ge53b351184 (webtiles) character file.

Game seed: 597128144431854410

2675 klau3 the Carver (level 9, -5/80 HPs)
             Began as a Minotaur Berserker on Apr 28, 2022.
             Was a Priest of Trog.
             Slain by a killer bee (7 damage)
             ... on level 8 of the Dungeon.
             The game lasted 00:35:30 (9326 turns).

klau3 the Carver (Minotaur Berserker)               Turns: 9326, Time: 00:35:31

Health: -5/80      AC: 18    Str: 23    XL:     9   Next: 37%
Magic:  8/8        EV:  8    Int:  4    God:    Trog [***...]
Gold:   279        SH:  5    Dex: 13    Spells: 8/8 levels left

rFire   . . .      SeeInvis +   t - +1 scimitar (flame)
rCold   . . .      Faith    .   (no shield)
rNeg    . . .      Spirit   .   n - +3 plate armour
rPois   .          Reflect  +   (helmet restricted)
rElec   .          Harm     .   (no cloak)
rCorr   .          Rampage  .   G - +0 pair of gloves
Will    .....                   (no boots)
Stlth   ..........              p - amulet of reflection
HPRegen 0.23/turn               r - ring of see invisible
MPRegen 0.11/turn               (no ring)

@: lethally poisoned (-5 -> -11)
A: horns 2, retaliatory headbutt
a: Renounce Religion, Berserk, Trog's Hand


You were on level 8 of the Dungeon.
You worshipped Trog.
Trog was most pleased with you.
You visited 1 branch of the dungeon, and saw 8 of its levels.

You collected 435 gold pieces.
You spent 156 gold pieces at shops.

Inventory:

Hand Weapons
 a - a +0 falchion
 c - a +0 shortbow
 t - a +1 scimitar of flaming (weapon)
 w - a +0 antimagic halberd
 A - a +0 broad axe
 C - a +2 spear of venom
Missiles
 d - 74 bolts
 e - 97 stones
 h - 83 arrows
 i - 12 sling bullets
 j - 2 boomerangs
 q - a throwing net
 s - 4 poisoned darts (quivered)
 I - 5 javelins
Armour
 b - a +0 animal skin
 g - a +0 helmet
 l - a +0 scale mail
 n - a +3 plate armour (worn)
 G - a +0 pair of gloves (worn)
Jewellery
 p - an amulet of reflection (around neck)
 r - a ring of see invisible (left hand)
 y - a +6 ring of strength
Wands
 z - a wand of iceblast (3)
 E - a wand of paralysis (8)
Scrolls
 f - a scroll of fog
 k - 2 scrolls of identify
 m - a scroll of teleportation
 o - a scroll of brand weapon
 B - a scroll of immolation
 F - a scroll of noise {unknown}
Potions
 u - a potion of lignification
 v - a potion of flight
 x - a potion of invisibility {unknown}
 H - a potion of brilliance


   Skills:
 + Level 7.6 Fighting
 + Level 10.5 Long Blades
 + Level 8.7 Armour
 + Level 3.1 Dodging
 + Level 1.4 Stealth
 + Level 3.2 Shields


You had 8 spell levels left.
You didn't know any spells.
Your spell library contained the following spells:

 Spells                   Type           Power      Damage    Failure   Level
 Sandblast                Erth           0%         2d4       100%        1
 Passwall                 Tmut/Erth      0%         N/A       100%        2
 Stone Arrow              Conj/Erth      0%         3d7       100%        3
 Animate Armour           Summ/Erth      0%         N/A       100%        4
 Lehudib's Crystal Spear  Conj/Erth      0%         10d2      100%        8


Dungeon Overview and Level Annotations

Branches:
Dungeon (8/15)             Temple (0/1) D:7
   Lair: D:8-11

Altars:
Cheibriados
Elyvilon
Kikubaaqudgha
Ru
Xom
Yredelemnul
Zin

Shops:
D:3 (*::   D:4 ?


Innate Abilities, Weirdness & Mutations

You have a pair of horns on your head.
You reflexively headbutt those who attack you in melee.


Message History

You slice the howler monkey zombie!! You burn the howler monkey zombie.
You punch the howler monkey zombie.
The howler monkey zombie is almost destroyed.
You feel sick.
You are no longer poisoned.
The killer bee stings you.
The killer bee stings you but does no damage. x2
The killer bee stings you.
You are poisoned.
The killer bee poisons you!
You slash the howler monkey zombie! You burn the howler monkey zombie.
You destroy the howler monkey zombie!
Trog accepts your kill.
You feel very sick. The killer bee barely misses you.
The killer bee stings you!
* * * LOW HITPOINT WARNING * * *
You are lethally poisoned!
The killer bee poisons you! The killer bee barely misses you. x2
You furiously retaliate!
You headbutt the killer bee.
* * * LOW HITPOINT WARNING * * *
You feel very sick. The killer bee barely misses you.
You hit the killer bee. You burn the killer bee.
You kill the killer bee!
Trog accepts your kill.
* * * LOW HITPOINT WARNING * * *
You feel very sick.
You closely miss the killer bee.
The killer bee is severely wounded.
* * * LOW HITPOINT WARNING * * *
You feel sick. The killer bee stings you.
* * * LOW HITPOINT WARNING * * *
The killer bee closely misses you.
You closely miss the killer bee.
The killer bee is severely wounded.
* * * LOW HITPOINT WARNING * * *
You feel sick.
The killer bee stings you but does no damage.
The killer bee stings you!
You die...

#...##.# #.# # #.#....#
#.# #.#...##.# ##.##
#........####...#######
####.###...............
#..#######...#######
##.# ##.## #.# #.#
#######.# #@# ........#
#y# .######.# #.†.# .#
#.# #.....# .# ##..#
#.......# .##.....#
#.........# .........
+.........+ .##.#...#
#.!...$...# ... ....#
##.......##


You could see a killer bee.

Vanquished Creatures
  Grinder (D:3)
  Menkaure (D:4)
  A sky beast (D:6)
  An ice beast (D:6)
  3 necrophages
  2 ogres
  A centaur (D:6)
  A phantom (D:6)
  A scorpion (D:6)
  A wyvern zombie (D:8)
  4 killer bees (D:8)
  5 wights
  A vampire bat (D:4)
  A howler monkey (D:5)
  3 centaur zombies
  A bullfrog zombie (D:6)
  2 hounds (D:6)
  2 bullfrog skeletons
  3 orc priests
  A centaur skeleton (D:7)
  5 iguanas
  6 orc wizards (D:8)
  A scorpion zombie (D:5)
  A hound skeleton (D:4)
  A mummy (D:6)
  A howler monkey zombie (D:8)
  7 adders
  6 gnolls
  A shadow imp (D:8)
  An ufetubus (D:4)
  3 fire bats (D:4)
  23 orcs
  2 spectral bats (D:4)
  4 ball pythons
  16 bats
  3 bat skeletons (D:4)
  A bat zombie (D:4)
  5 endoplasms
  A giant cockroach (D:2)
  6 goblins
  7 hobgoblins
  6 kobolds
  2 quokkas
  A bat simulacrum (D:4)
  4 frilled lizards
  5 rats
  A spectral orc (D:4)
156 creatures vanquished.

Notes
Turn   | Place    | Note
-------+----------+-------------------------------------------
     0 | D:1      | klau3 the Minotaur Berserker began the quest for the Orb.
     0 | D:1      | Reached XP level 1. HP: 19/19 MP: 0/0
   359 | D:1      | Reached skill level 4 in Long Blades
   459 | D:1      | Reached XP level 2. HP: 27/27 MP: 1/1
  1427 | D:2      | Found a faded altar of an unknown god.
  1591 | D:2      | Found an ancient bone altar of Kikubaaqudgha.
  1677 | D:2      | Reached XP level 3. HP: 34/34 MP: 2/2
  1764 | D:2      | You fall into a shaft and drop 2 floors!
  1819 | D:3      | Found Virexki's Book Shoppe.
  2132 | D:3      | Found Biesi Ekum's Book Shop.
  2247 | D:2      | Reached ** piety under Trog
  2328 | D:2      | Reached XP level 4. HP: 34/41 MP: 3/3
  2567 | D:3      | Noticed Grinder
  2577 | D:3      | Paralysed by Grinder for 7 turns
  2587 | D:3      | Killed Grinder
  2588 | D:3      | Reached skill level 5 in Long Blades
  2588 | D:3      | Reached skill level 1 in Stealth
  2588 | D:3      | Reached XP level 5. HP: 19/47 MP: 4/4
  2588 | D:3      | Reached XP level 6. HP: 23/55 MP: 5/5
  3014 | D:3      | Reached skill level 5 in Fighting
  3251 | D:3      | Found Pyeloz's General Store.
  3261 | D:3      | Bought 4 poisoned darts for 17 gold pieces
  3261 | D:3      | Bought a scroll of identify for 22 gold pieces
  3489 | D:3      | Reached skill level 6 in Long Blades
  3567 | D:3      | Found Fuacy's Antique Weapon Shoppe.
  3792 | D:4      | Reached skill level 1 in Shields
  3965 | D:4      | Reached XP level 7. HP: 50/61 MP: 6/6
  3986 | D:4      | Reached skill level 7 in Long Blades
  4131 | D:4      | Found a basalt altar of Yredelemnul.
  4230 | D:4      | Found a glowing silver altar of Zin.
  4365 | D:4      | Reached skill level 5 in Armour
  4375 | D:4      | Found Doba's Magic Scroll Boutique.
  4386 | D:4      | Bought a scroll of identify for 26 gold pieces
  4386 | D:4      | Bought a scroll of identify for 26 gold pieces
  4386 | D:4      | Bought a scroll of identify for 26 gold pieces
  4386 | D:4      | Bought a scroll of teleportation for 39 gold pieces
  4821 | D:5      | Entered Level 5 of the Dungeon
  5053 | D:5      | Noticed Menkaure
  5363 | D:4      | Killed Menkaure
  5634 | D:5      | Reached skill level 8 in Long Blades
  5648 | D:5      | HP: 1/62 [ogre/+0 giant club (12)]
  6033 | D:5      | Reached XP level 8. HP: 9/70 MP: 7/7
  6548 | D:5      | Found a sacrificial altar of Ru.
  6661 | D:5      | Reached *** piety under Trog
  7040 | D:5      | Found a shimmering altar of Xom.
  7211 | D:5      | Reached skill level 9 in Long Blades
  7826 | D:6      | Found a white marble altar of Elyvilon.
  8053 | D:6      | Reached XP level 9. HP: 77/79 MP: 8/8
  8307 | D:6      | Found a snail-covered altar of Cheibriados.
  8411 | D:6      | Reached skill level 10 in Long Blades
  8543 | D:7      | Found a staircase to the Ecumenical Temple.
  9325 | D:8      | HP: 4/80 [killer bee (4)]
  9326 | D:8      | Slain by a killer bee

Illustrated notes

Levels and vault maps discovered:
D:1:      kilobyte_arrival_exit_the_forest, layout_basic
D:2:      kennysheep_six_static_rooms, layout_basic, basic_altar,
          basic_ecumenical_altar
D:3:      layout_basic, serial_shops, nicolae_shop_statue_plus,
          nicolae_shop_hallway_plus, shop, nicolae_shop_waterfront, uniq_grinder
D:4:      layout_cave_pools, mainiacjoe_overflow_concentric_impassable,
          yredelemnul_forgotten_temple_becter, serial_shops, nicolae_shop_trees,
          goddamned_bats
D:5:      layout_loops_cross, mainiacjoe_overflow_swirl, uniq_menkaure
D:6:      layout_basic, lemuel_crystal_altar, chei_slow_surprise
D:7:      minmay_klotski, layout_basic, temple_fountains, st_stairs_3,
          uniq_crazy_yiuf_cottage
D:8:      layout_loops_corners, kennysheep_generic_room_14

Skill      XL: |  1  2  3  4  5  6  7  8  9 |
---------------+----------------------------+-----
Long Blades    | 4 5 6 8 9 10 | 10.5
Fighting       | 4 5 6 7 |  7.6
Armour         | 3 4 5 7 8 |  8.7
Stealth        | 1 |  1.4
Shields        | 1 2 3 |  3.2
Dodging        | 3 |  3.1

Action                   |  1- 3 |  4- 6 |  7- 9 || total
-------------------------+-------+-------+-------++-------
Melee: Falchion          |    74 |    26 |       ||   100
       Headbutt          |     9 |    10 |    39 ||    58
       Scimitar          |       |    41 |   219 ||   260
       Punch             |       |     1 |     6 ||     7
  Use: Scroll            |       |     8 |     8 ||    16
       Potion            |       |       |     9 ||     9
 Stab: Sleeping          |     1 |       |       ||     1
Armor: Animal skin       |     6 |       |       ||     6
       Plate armour      |    31 |    82 |   167 ||   280
       Scale mail        |     2 |       |       ||     2
Dodge: Dodged            |    50 |    44 |   101 ||   195
Block: Other             |    11 |    21 |    60 ||    92
       Reflection        |       |       |     3 ||     3
